 Dungeon Crawl Stone Soup version 0.28.0-45-g0d030f2227 (webtiles) character file.

Game seed: 3951846968124106694

78 protoss039 the Ducker (level 4, -1/24 HPs)
             Began as a Deep Elf Fire Elementalist on Apr 10, 2022.
             Killed from afar by an orc wizard (10 damage)
             ... with a magic dart
             ... on level 3 of the Dungeon.
             The game lasted 00:04:40 (3033 turns).

protoss039 the Ducker (Deep Elf Fire Elementalist)  Turns: 3033, Time: 00:04:40

Health: -1/24      AC:  3    Str:  5    XL:     4   Next: 15%
Magic:  0/11       EV: 13    Int: 22    God:
Gold:   208        SH:  0    Dex: 15    Spells: 7/10 levels left

rFire   . . .      SeeInvis .   b - +0 short sword
rCold   . . .      Faith    .   (no shield)
rNeg    . . .      Spirit   .   a - +0 robe
rPois   .          Reflect  .   (no helmet)
rElec   .          Harm     .   e - +0 cloak
rCorr   .          Rampage  .   (no gloves)
Will    .....                   (no boots)
Stlth   ++........              (no amulet)
HPRegen 0.08/turn               (no ring)
MPRegen 0.12/turn               (no ring)

@: no status effects
A: no striking features
a: no special abilities


You were on level 3 of the Dungeon.
You visited 1 branch of the dungeon, and saw 3 of its levels.

You collected 208 gold pieces.

Inventory:

Hand Weapons
 b - a +0 short sword (weapon)
Armour
 a - a +0 robe (worn)
 e - a +0 cloak (worn)
Jewellery
 m - the amulet "Esuuq" {Faith Dex+2}
   (You found it on level 3 of the Dungeon)

   [amulet of faith]

   It allows you to gain divine favour quickly.
   Dex:       It affects your dexterity (+2).
 o - an amulet of guardian spirit
Wands
 j - a wand of acid (5)
Scrolls
 c - a scroll of enchant armour {unknown}
 f - a scroll of brand weapon {unknown}
 g - a scroll of noise {unknown}
 h - 2 scrolls of identify {unknown}
 n - a scroll of amnesia {unknown}
Potions
 d - a potion of berserk rage {unknown}
 i - a potion of heal wounds {unknown}
 k - a potion of flight {unknown}
 l - a potion of degeneration {unknown}


   Skills:
 * Level 3.8 Dodging
 - Level 3.0 Stealth
 + Level 3.7 Spellcasting
 + Level 1.9 Conjurations
 + Level 3.7 Fire Magic


You had 7 spell levels left.
You knew the following spells:

 Your Spells              Type           Power      Damage    Failure   Level
a - Foxfire               Conj/Fire      64%        2x1d7     3%          1
b - Scorch                Fire           40%        2d7       3%          2

Your spell library contained the following spells:

 Spells                   Type           Power      Damage    Failure   Level
 Conjure Flame            Conj/Fire      16%        6-21      11%         3
 Inner Flame              Hex/Fire       12%        N/A       16%         3
 Ensorcelled Hibernation  Hex/Ice        8%         N/A       17%         2
 Passwall                 Tmut/Erth      3%         N/A       17%         2
 Swiftness                Air            4%         N/A       34%         3
 Flame Wave               Conj/Fire      16%        2d6       34%         4


Dungeon Overview and Level Annotations

Branches:
Dungeon (3/15)

Altars:

Shops:
D:2 [

Annotations:
D:3 4 runed translucent doors, Crazy Yiuf; benappo's ghost, amateur DjAE


Message History

Confirm with . or Enter, or press ? or * to list all spells.
You conjure some foxfire!
The orc hits you with a +0 hand axe! The orc completely misses your foxfire.
Unknown command.
Casting: Foxfire (safe; 3% risk of failure)
Confirm with . or Enter, or press ? or * to list all spells.
You conjure some foxfire!
The foxfire hits the orc!
You kill the orc!
Unknown command.
Casting: Foxfire (safe; 3% risk of failure)
Confirm with . or Enter, or press ? or * to list all spells.
You don't have enough magic to cast this spell.
Unknown command.
The foxfire hits the orc.
The orc is heavily wounded.
The foxfire hits the orc.
The orc is almost dead.
Unknown command.
Your magical contamination has completely faded away.
Unknown command.
Casting: Foxfire (safe; 3% risk of failure)
Confirm with . or Enter, or press ? or * to list all spells.
You don't have enough magic to cast this spell.
Unknown command.
Casting: Foxfire (safe; 3% risk of failure)
Confirm with . or Enter, or press ? or * to list all spells.
You conjure some foxfire!
Benappo's ghost whispers, "Trust me.
Just give in."
The foxfire hits the orc.
You kill the orc!
Unknown command.
Unknown command.
The foxfire hits the orc wizard.
The orc wizard is moderately wounded.
Unknown command.
Unknown command.
Unknown command.
The orc wizard casts a spell at you. The magic dart hits you!
You die...

...+...#...#....#.... #
####..+g....$.#......... ..##.##
#.....+W..#.$.#......<..
#......##.##..#lB#.#..#...##....
#.....).....).#hS.....#..##...##
#......#..##o.#########..##...##
.....##..###....[........### ###
.... ...## #.............# #
.......# ####@........# #
....... #........######### .
.....########.......##........
†... ..................#######
.#######.......#### #########


You could see an orc wizard.

Vanquished Creatures
  2 adders (D:2)
  4 orcs (D:3)
  4 bats
  8 endoplasms
  2 giant cockroaches (D:1)
  3 goblins
  3 hobgoblins
  4 jackals (D:1)
  3 quokkas
  7 ball pythons
  2 frilled lizards (D:2)
  7 kobolds
  3 rats
52 creatures vanquished.

Vanquished Creatures (others)
  228 foxfires
228 creatures vanquished.

Grand Total: 280 creatures vanquished

Notes
Turn   | Place    | Note
-------+----------+-------------------------------------------
     0 | D:1      | protoss039 the Deep Elf Fire Elementalist began the quest
                  | for the Orb.
     0 | D:1      | Reached XP level 1. HP: 10/10 MP: 6/6
   386 | D:1      | Reached XP level 2. HP: 3/15 MP: 8/8
   787 | D:1      | Found a faded altar of an unknown god.
  1484 | D:1      | Learned a level 2 spell: Scorch
  1702 | D:2      | Reached XP level 3. HP: 19/19 MP: 9/9
  2106 | D:2      | Found Ryip's Armour Shop.
  2588 | D:3      | Noticed benappo's ghost (amateur DjAE)
  2590 | D:3      | Identified the amulet "Esuuq" {Faith Dex+2}
  2772 | D:3      | Reached XP level 4. HP: 24/24 MP: 7/11
  2888 | D:3      | Found a runed translucent door.
  2889 | D:3      | Noticed Crazy Yiuf
  2985 | D:3      | Found a runed translucent gate.
  2997 | D:3      | Found a runed translucent gate.
  2997 | D:3      | Found a runed translucent gate.
  3033 | D:3      | Killed from afar by an orc wizard

Illustrated notes

Levels and vault maps discovered:
D:1:      dpeg_arrival_three_bigger_balls, layout_rooms,
          hellmonk_ecumenical_altar_inner_sanctum
D:2:      minmay_wonky_spiral, layout_basic, serial_shops, shop_fountains,
          chequers_arboretum
D:3:      layout_rooms, gammafunk_ghost_split, hex_medium,
          uniq_crazy_yiuf_cottage

Skill      XL: |  1  2 |
---------------+-------+-----
Dodging        | 3 |  3.8
Stealth        | 3 |  3.0
Spellcasting   | |  3.7
Conjurations   | |  1.9
Fire Magic     | |  3.7

Action                   |  1- 3 |  4- 6 || total
-------------------------+-------+-------++-------
Melee: Short sword       |    30 |       ||    30
 Cast: Foxfire           |   125 |    21 ||   146
       Scorch            |     6 |       ||     6
 Stab: Sleeping          |     1 |       ||     1
Armor: Robe              |    20 |       ||    20
Dodge: Dodged            |    31 |     1 ||    32
